 Dungeon Crawl Stone Soup version 0.28-a0-932-g843f935a50 (webtiles) character file.

Game seed: 10851265920176295146

264 ytrimaz the Chopper (level 5, 0/42 HPs)
             Began as a Demonspawn Chaos Knight on Nov 28, 2021.
             Was an Initiate of Sif Muna.
             Slain by a gnoll (3 damage)
             ... on level 5 of the Dungeon.
             The game lasted 00:05:36 (3773 turns).

ytrimaz the Chopper (Demonspawn Chaos Knight)       Turns: 3773, Time: 00:05:37

Health: 0/42       AC:  5    Str: 12    XL:     5   Next: 98%
Magic:  16/16      EV: 11    Int: 16    God:    Sif Muna [......]
Gold:   142        SH:  0    Dex: 13    Spells: 7/7 levels left

rFire   + . .      SeeInvis .   a - +0 hand axe (drain)
rCold   + . .      Faith    .   (no shield)
rNeg    + . .      Spirit   .   b - +2 leather armour
rPois   .          Reflect  .   (helmet restricted)
rElec   .          Harm     .   h - scarf {rC+ rF+}
rCorr   .          Rampage  .   (no gloves)
Will    .....                   (no boots)
Stlth   +.........              (no amulet)
HPRegen 0.14/turn               d - ring of positive energy
MPRegen 0.30/turn               e - ring of magical power

@: marked, unable to read
A: magic regeneration, big brain 1, horns 2, inability to read while threatened,
noise suppression
a: Renounce Religion


You were on level 5 of the Dungeon.
You worshipped Sif Muna.
Sif Muna was noncommittal.
You visited 2 branches of the dungeon, and saw 6 of its levels.

You collected 142 gold pieces.

Inventory:

Hand Weapons
 a - a +0 hand axe of draining (weapon)
Armour
 b - a +2 leather armour (worn)
 h - a scarf of resistance (worn)
Jewellery
 c - a +6 ring of dexterity
 d - a ring of positive energy (left hand)
 e - a ring of magical power (right hand)
 k - a ring of fire
Wands
 m - a wand of digging (7)
Scrolls
 g - 2 scrolls of fear
 i - 3 scrolls of teleportation
Potions
 j - a potion of brilliance {unknown}
 n - a potion of flight {unknown}


   Skills:
 - Level 4.0 Fighting
 + Level 4.3 Axes
 - Level 2.6 Armour
 + Level 1.7 Dodging
 * Level 1.9 Spellcasting


You had 7 spell levels left.
You didn't know any spells.
Your spell library contained the following spells:

 Spells                   Type           Power      Damage    Failure   Level
 Ensorcelled Hibernation  Hex/Ice        2%         N/A       38%         2
 Tukima's Dance           Hex            1%         N/A       63%         3


Dungeon Overview and Level Annotations

Branches:
Dungeon (5/15)             Temple (1/1) D:4

Altars:
Ashenzari
Cheibriados
Elyvilon
Fedhas
Gozag
Kikubaaqudgha
Makhleb
Okawaru
Qazlal
Ru
Sif Muna
Trog
Vehumet
Wu Jian
Xom
Zin
The Shining One


Innate Abilities, Weirdness & Mutations

You regenerate magic rapidly.
You have an unusually large brain. (Int +2)
You have a pair of horns on your head.
You sometimes lose the ability to read scrolls when taking damage.
You passively dampen the noise of your surroundings.


Message History

The gnoll hits your butterfly with a +0 whip.
Your butterfly dies!
Your butterfly disappears in a puff of smoke!
The adder completely misses your butterfly.
The iguana misses your butterfly.
You swap places.
The jackal bites you.
The gnoll hits you from afar with a +0 spear!
You feel threatened and lose the ability to read scrolls!
The adder bites you but does no damage. The adder closely misses you.
The gnoll closely misses your butterfly.
The jackal barely misses you.
The jackal barely misses your butterfly.
The iguana closely misses your butterfly.
You swap places.
The adder closely misses you.
The gnoll hits you from afar with a +0 spear.
The jackal bites you. The adder bites you but does no damage.
The jackal completely misses your butterfly.
The gnoll shaman barely misses your butterfly.
The iguana completely misses your butterfly.
The gnoll hits you from afar with a +0 spear.
* * * LOW HITPOINT WARNING * * *
The iguana bites you!
* * * LOW HITPOINT WARNING * * *
Unknown command.
You swap places.
The adder bites your butterfly.
Your butterfly dies!
Your butterfly disappears in a puff of smoke!
The jackal completely misses your butterfly.
The adder bites you but does no damage. The gnoll barely misses your butterfly.
The adder barely misses your butterfly.
The jackal completely misses your butterfly.
The adder closely misses you. The gnoll hits you but does no damage.
The iguana misses your butterfly. The jackal closely misses you.
The hound zombie bites you.
* * * LOW HITPOINT WARNING * * *
The gnoll completely misses your butterfly.
The adder completely misses your butterfly.
The jackal completely misses your butterfly.
The jackal barely misses you. The gnoll hits you with a +0 spear.
You die... .g###.........# #...###..>....#... #.g.#.!.......... #..b.lZ...####. ..##gOgg#### # #ggg## ##.. . #bSl#

..... ..
#bbg##......
#.##hSh@g....>.
##....Zh#Z......
#.....<####.....
.......b..........
.......b..........
..................
...............# #
.........#.....#
.........##.##.#


You could see an ogre, a gnoll shaman, 2 iguanas, 6 gnolls, 2 adders, a hound
zombie, a bullfrog zombie and 3 jackals.

Vanquished Creatures
  A hound (D:3)
  A bullfrog skeleton (D:4)
  Natasha (thrice) (D:4)
  Robin (D:4)
  4 adders
  2 white imps (D:4)
  5 worms
  A dart slug (D:2)
  An orc (D:3)
  3 ball pythons
  2 giant cockroaches (D:3)
  13 goblins
  9 hobgoblins
  A jackal (D:5)
  3 kobolds
  2 quokkas
  2 bats (D:3)
  2 frilled lizards (D:2)
  3 rats
59 creatures vanquished.

Notes
Turn   | Place    | Note
-------+----------+-------------------------------------------
     0 | D:1      | ytrimaz the Demonspawn Chaos Knight began the quest for the
                  | Orb.
     0 | D:1      | Reached XP level 1. HP: 18/18 MP: 1/1
    58 | D:2      | Gained mutation: You have an unusually large brain. (Int
                  | +2) [demonic ancestry]
    58 | D:2      | Reached XP level 2. HP: 15/24 MP: 2/2
   420 | D:2      | Reached skill level 1 in Dodging
   520 | D:2      | XOM: silly message
   530 | D:2      | Reached XP level 3. HP: 18/29 MP: 3/3
  1460 | D:3      | XOM: divination: magic mapping
  1784 | D:3      | Gained mutation: You regenerate magic rapidly. [demonic
                  | ancestry]
  1784 | D:3      | Reached XP level 4. HP: 37/37 MP: 5/5
  1898 | D:3      | Reached skill level 1 in Spellcasting
  1948 | D:3      | Found an ornate altar of the Wu Jian Council.
  2074 | D:4      | XOM: noise
  2084 | D:4      | XOM: potion effect (brilliance)
  2099 | D:4      | Found a staircase to the Ecumenical Temple.
  2107 | Temple   | Entered the Ecumenical Temple
  2495 | Temple   | Fell from the grace of Xom
  2495 | Temple   | Became a worshipper of Sif Muna the Loreminder
  2598 | D:4      | Reached XP level 5. HP: 42/42 MP: 5/7
  2696 | D:4      | Noticed Natasha
  2702 | D:4      | XOM: draining
  2703 | D:4      | Killed Natasha
  3060 | D:4      | XOM: summons 7 hostile demons
  3061 | D:4      | Noticed a chaos spawn
  3164 | D:4      | XOM: give mutations
  3164 | D:4      | Gained mutation: You passively dampen the noise of your
                  | surroundings. [Xom's mischief]
  3164 | D:4      | Gained mutation: You expend magic power (3 MP) to
                  | strengthen your wands. [Xom's mischief]
  3164 | D:4      | Lost mutation: You expend magic power (3 MP) to strengthen
                  | your wands. [Xom's mischief]
  3164 | D:4      | Gained mutation: You have a pair of small horns on your
                  | head. [Xom's mischief]
  3166 | D:4      | Noticed Natasha
  3173 | D:4      | Killed Natasha
  3234 | D:4      | XOM: give mutations
  3234 | D:4      | Gained mutation: You sometimes lose the ability to read
                  | scrolls when taking damage. [Xom's mischief]
  3234 | D:4      | Gained mutation: You have a pair of horns on your head.
                  | [Xom's mischief]
  3351 | D:4      | Noticed Natasha
  3361 | D:4      | Killed Natasha
  3537 | D:4      | Noticed Robin
  3568 | D:4      | Killed Robin
  3747 | D:5      | Entered Level 5 of the Dungeon
  3755 | D:5      | Noticed an ogre
  3757 | D:5      | XOM: scenery: summon butterflies
  3773 | D:5      | Slain by a gnoll

Illustrated notes

Levels and vault maps discovered:
D:1:      dpeg_arrival_concentric_ovals, layout_loops_corners
D:2:      layout_rooms, serial_aquarium, aquarium_bridge_square
          [aquarium_subvault_bridge, aquarium_subvault_balcony,
          aquarium_subvault_window, aquarium_subvault_bridge],
          aquarium_bridge_square [aquarium_subvault_bridge,
          aquarium_subvault_wall, aquarium_subvault_bridge,
          aquarium_subvault_bridge], aquarium_window_fake, aquarium_window_1,
          aquarium_window_fake, aquarium_window_2, aquarium_view_2e,
          aquarium_view_2f, aquarium_balcony_double_2, aquarium_pool_2
D:3:      layout_basic, nicolae_wu_jian_immortal_techniques, nicolae_wormholes
D:4:      layout_basic, minmay_temple_entry_mini_moons, fountainhead,
          uniq_natasha, uniq_robin
D:5:      layout_cave_pools, lemuel_crystal_altar
Temple:   regret_index_temple_sphere_string

Skill      XL: |  1  2  3  4  5 |
---------------+----------------+-----
Axes           | 3 4 |  4.3
Dodging        | 1 |  1.7
Armour         | 2 |  2.6
Spellcasting   | 1 |  1.9
Fighting       | 4 |  4.0

Action                   |  1- 3 |  4- 6 || total
-------------------------+-------+-------++-------
Melee: Hand axe          |    89 |    99 ||   188
       Headbutt          |       |     5 ||     5
  Use: Scroll            |     4 |     3 ||     7
       Potion            |       |     3 ||     3
 Stab: Paralysed         |       |     7 ||     7
       Confused          |       |     1 ||     1
Armor: Leather armour    |    30 |    42 ||    72
Dodge: Dodged            |    55 |    89 ||   144

Table legend: (Time is in decaauts)
 A = Elapsed time spent in this place.
 B = Non-inter-level travel time spent in this place.
 C = Inter-level travel time spent in this place.
 D = Time resting spent in this place.
 E = Time spent auto-exploring this place.
 F = Levels seen in this place.
 G = Mean time per level.
                   A        B        C        D        E       F      G
               +--------+--------+--------+--------+--------+-----+--------+
         Total |   3800 |   3700 |    100 |    443 |   2595 |   6 |  633.3 |
       Dungeon |   3357 |   3326 |     31 |    443 |   2272 |   5 |  671.4 |
        Temple |    442 |    373 |     69 |      0 |    323 |   1 |  442.0 |
               +--------+--------+--------+--------+--------+-----+--------+

Top non-repeatable levels by time:
     D:4: 1244 daAuts
     D:2: 1040 daAuts
     D:3: 1037 daAuts
  Temple: 442 daAuts
     D:5: 25 daAuts
     D:1: 9 daAuts
